 Dungeon Crawl Stone Soup version 0.30.0-29-ga12c61a403 (webtiles) character file.

Game seed: 10035478976971851514

1280 hawla the Cruncher (level 9, -2/62 HPs)
             Began as a Meteoran Fire Elementalist on June 9, 2023.
             Slain by a yak (11 damage)
             ... on level 7 of the Dungeon.
             The game lasted 00:07:02 (689 turns).

hawla the Cruncher (Meteoran Fire Elementalist)      Turns: 689, Time: 00:07:04

Health: -2/62      AC:  3    Str: 10    XL:     9   Next: 10%
Magic:  2/16       EV: 13    Int: 21    God:
Gold:   127        SH:  5    Dex: 15    Spells: 9/16 levels left

rFire   + . .        b - staff of fire
rCold   . . .        (no shield)
rNeg    + . .        a - +0 robe
rPois   .            (no helmet)
rElec   .            (no cloak)
rCorr   .            (no gloves)
SInv    .            e - +0 pair of boots
Will    +....        g - amulet of reflection
Stlth   +            d - ring of positive energy
HPRegen 0.30/turn    (no ring)
MPRegen 0.15/turn

%: reflection
@: very slightly contaminated, glowing
A: sense surroundings 2, otherworldly, glowing, explore regen
a: no special abilities


You were on level 7 of the Dungeon.
You visited 1 branch of the dungeon, and saw 6 of its levels.

You collected 127 gold pieces.

Inventory:

Armour
 a - a +0 robe (worn)
 e - a +0 pair of boots (worn)
Magical Staves
 b - a staff of fire (weapon)
Jewellery
 d - a ring of positive energy (left hand)
 g - an amulet of reflection (around neck)
 h - a +5 ring of evasion
Scrolls
 c - 3 scrolls of identify
Potions
 f - 2 potions of degeneration


   Skills:
 + Level 8.5 Staves
 - Level 3.2 Dodging
 - Level 1.4 Stealth
 - Level 4.2 Spellcasting
 - Level 5.3 Conjurations
 - Level 5.3 Fire Magic
 - Level 3.0 Evocations


You had 9 spell levels left.
You knew the following spells:

 Your Spells              Type           Power      Damage    Failure   Level
a - Foxfire               Conj/Fire      100%       2x1d9     1%          1
b - Scorch                Fire           80%        2d8       1%          2
c - Flame Wave            Conj/Fire      40%        2d11      13%         4

Your spell library contained the following spells:

 Spells                   Type           Power      Damage    Failure   Level
 Inner Flame              Hex/Fire       23%        N/A       12%         3
 Volatile Blastmotes      Fire/Tloc      46%        2d13      12%         3
 Cause Fear               Hex            2%         N/A       75%         4
 Dragon Form              Tmut           2%         N/A       100%        7
 Dragon's Call            Summ           2%         N/A       100%        9


Dungeon Overview and Level Annotations

Branches:
Dungeon (8/15) Zot: 2913
 Temple: D:4-7         Lair: D:8-11

Altars:
Qazlal

Annotations:
D:3 2 runed translucent doors, hgbash's ghost, weakling TrFi


Innate Abilities, Weirdness & Mutations

You passively map the area around you.
You are easily found by Zot.
You glow in the dark.
You regain HP and MP as you explore.


Message History

It is a scroll of amnesia.
Really abort (and waste the scroll)?
Okay, then.
The yak gores you!
* * * LOW HITPOINT WARNING * * *
Unknown command.
Casting: Flame Wave (dangerous; 13% risk of failure)
Confirm with . or Enter, or press ? or * to list all spells.
Casting: Flame Wave (dangerous; 13% risk of failure)
Press: ? - help, Dir - look around, f - activate You feel a surge of power!
You miscast Flame Wave.
You are very lightly contaminated with residual magic.
Nothing appears to happen.
The yak gores you but does no damage.
Unknown command.
Casting: Flame Wave (dangerous; 13% risk of failure)
Confirm with . or Enter, or press ? or * to list all spells.
Casting: Flame Wave (dangerous; 13% risk of failure)
Press: ? - help, Dir - look around, f - activate You feel a surge of power!
A wave of flame ripples out!
The flame wave engulfs the yak!
The yak is lightly wounded. (Press . to intensify the flame waves.)
You block the yak's attack.
A wave of flame ripples out!
The flame wave engulfs the yak!
The yak is heavily wounded.
The flame wave engulfs the yak.
The yak is lightly wounded.
The flame wave engulfs the yak!
The yak is moderately wounded.
The flame wave engulfs the white imp!!
The white imp is burned terribly!
You kill the white imp!
You block the yak's attack.
A wave of flame ripples out!
The flame wave engulfs the yak.
The yak is heavily wounded.
The flame wave engulfs the steam dragon.
The steam dragon is lightly wounded.
The flame wave engulfs the yak!
The yak is heavily wounded.
You finish channelling waves of flame.
The yak gores you!
You die...

####.#.#.#.#.###.##......#
#....#ยง.............#.####
..####....###....####5#
#....#..#.#:#.#.......#
####......#.#.....#####
#..#..DY.....#.## *
#.....##.##.....###
...###.#...#D###...# *.#
#?.......YY@#.#.# #..
###.#...#.###...#
#.......##.##.....###
#.##.#.........#.##
#.##.....#.#.....#
#.#*##.#.#$#.#.### #.#
#...###...#
#.######.....###
#.....###.#.##


You could see 2 yaks and a steam dragon.

Vanquished Creatures
  A yak (D:7)
  2 water moccasins (D:7)
  An ice beast (D:7)
  A black bear (D:8)
  A sky beast (D:7)
  3 bullfrogs
  4 wights (D:7)
  3 hounds
  An orc priest (D:7)
  An iguana (D:7)
  3 orc wizards
  2 white imps (D:7)
  6 orcs
  A bat (D:3)
  2 endoplasms (D:3)
  A goblin (D:3)
  2 hobgoblins (D:2)
  A frilled lizard (D:3)
  2 kobolds
38 creatures vanquished.

Vanquished Creatures (others)
  103 foxfires
103 creatures vanquished.

Grand Total: 141 creatures vanquished

Notes
Turn   | Place    | Note
-------+----------+-------------------------------------------
     0 | D:1      | hawla the Meteoran Fire Elementalist began the quest for
                  | the Orb.
     0 | D:1      | Reached XP level 1. HP: 14/14 MP: 5/5
   156 | D:3      | Reached XP level 2. HP: 20/20 MP: 3/6
   159 | D:3      | Learned a level 2 spell: Scorch
   166 | D:3      | Found a runed translucent door.
   168 | D:3      | Noticed a bullfrog
   186 | D:3      | Noticed hgbash's ghost (weakling TrFi)
   220 | D:3      | Found a runed translucent door.
   233 | D:3      | You fall into a shaft and drop 3 floors!
   241 | D:6      | Noticed a hound
   242 | D:6      | Noticed a bullfrog
   250 | D:6      | Killed a bullfrog
   251 | D:6      | Reached XP level 3. HP: 10/26 MP: 0/9
   251 | D:6      | Reached XP level 4. HP: 13/33 MP: 0/10
   264 | D:6      | Reached skill level 5 in Fire Magic
   264 | D:6      | Reached XP level 5. HP: 13/38 MP: 2/11
   279 | D:6      | Reached XP level 6. HP: 14/45 MP: 2/13
   334 | D:6      | Learned a level 4 spell: Flame Wave
   337 | D:7      | Noticed a yak
   338 | D:7      | Noticed a yak
   344 | D:7      | Noticed a sky beast
   347 | D:7      | Noticed a yak
   355 | D:8      | Noticed a black bear
   357 | D:8      | Killed a black bear
   391 | D:7      | Noticed a water moccasin
   396 | D:7      | Killed a water moccasin
   397 | D:7      | Reached skill level 5 in Conjurations
   397 | D:7      | Reached XP level 7. HP: 18/50 MP: 5/14
   407 | D:7      | Reached skill level 1 in Staves
   422 | D:7      | Reached skill level 2 in Staves
   424 | D:7      | Reached skill level 3 in Staves
   424 | D:7      | Reached XP level 8. HP: 28/57 MP: 8/15
   425 | D:7      | Reached skill level 4 in Staves
   426 | D:7      | Reached skill level 5 in Staves
   439 | D:7      | Found a stormy altar of Qazlal.
   446 | D:7      | Reached skill level 6 in Staves
   494 | D:7      | Reached skill level 7 in Staves
   626 | D:7      | Noticed a yak
   629 | D:7      | Noticed a yak
   632 | D:7      | Noticed a steam dragon
   634 | D:7      | Killed a yak
   635 | D:7      | Reached skill level 8 in Staves
   635 | D:7      | Gained mutation: You passively map the area around you.
                  | [Meteoran growth]
   635 | D:7      | Reached XP level 9. HP: 62/62 MP: 4/16
   689 | D:7      | Slain by a yak

Illustrated notes

Levels and vault maps discovered:
D:1:      dpeg_arrival_rooms_b, layout_rooms, minmay_misc_feat_pillars
D:2:      layout_loops_ring, serial_shops, nicolae_shop_industrial_runoff,
          serial_glass, glass_columns_c, glass_columns_b, minmay_tall_x
D:3:      layout_loops_ring, nicolae_overflow_ecumenical_swirl,
          ebering_ghost_sewer_f, serial_shops, nicolae_shop_back_alley_shop,
          uniq_robin
D:6:      layout_loops_cross, minmay_temple_entry_wispy
D:7:      layout_loops_cross, nicolae_qazlal_scattered_showers,
          minmay_fractal_squares_5
D:8:      layout_loops_ring, grunt_temple_overflow_open,
          gammafunk_ghost_cemetery, serial_shops, nicolae_shop_dealshenge,
          kennysheep_mini_moat, hangedman_decor_opposing, uniq_joseph

Skill      XL: |  1  2  3  4  5  6  7  8 |
---------------+-------------------------+-----
Fire Magic     | 4 5 |  5.3
Spellcasting   | 3 4 |  4.2
Dodging        | 3 |  3.2
Conjurations   | 2 5 |  5.3
Evocations     | 2 3 |  3.0
Staves         | 3 8 |  8.5
Stealth        | |  1.4

Action                     |  1- 3 |  4- 6 |  7- 9 || total
---------------------------+-------+-------+-------++-------
  Melee: Unarmed           |     6 |     5 |       ||    11
         Punch             |       |     1 |       ||     1
         Staff             |       |       |     3 ||     3
   Cast: Foxfire           |    21 |    15 |    26 ||    62
         Scorch            |     2 |     2 |     8 ||    12
         Flame Wave        |       |     3 |     4 ||     7
    Use: Potion            |       |     2 |       ||     2
         Scroll            |       |     2 |     1 ||     3
 Armour: Robe              |     3 |     3 |     3 ||     9
  Dodge: Dodged            |     6 |    11 |    17 ||    34
  Block: Other             |       |       |     2 ||     2
